 Dungeon Crawl Stone Soup version 0.31-a0-187-gba352fbbf7 (webtiles) character file.

Game seed: 9903755200143307846

660 qw the Skirmisher (level 7, -8/40 HPs)
             Began as a Deep Elf Hunter on June 22, 2023.
             Mangled by an ogre
             ... wielding a +0 giant club
              (21 damage)
             ... on level 5 of the Dungeon.
             The game lasted 00:01:17 (3305 turns).

qw the Skirmisher (Deep Elf Hunter)                 Turns: 3305, Time: 00:01:17

Health: -8/40      AC:  8    Str: 10    XL:     7   Next: 30%
Magic:  9/9        EV: 13    Int: 14    God:
Gold:   61         SH:  0    Dex: 18    Spells: 6/6 levels left

rFire   . . .        n - +1 shortbow (heavy)
rCold   . . .        (shield currently unavailable)
rNeg    + . .        i - +3 leather armour
rPois   .            m - +0 helmet
rElec   .            b - +0 cloak
rCorr   .            (no gloves)
SInv    .            (no boots)
Will    +....        (no amulet)
Stlth   ++           k - ring of willpower
HPRegen 0.26/turn    f - ring of positive energy
MPRegen 0.11/turn

%: no passive effects
@: no status effects
A: no striking features
a: no special abilities


You were on level 5 of the Dungeon.
You visited 1 branch of the dungeon, and saw 5 of its levels.

You collected 281 gold pieces.
You spent 220 gold pieces at shops.


   Skills:
 - Level 2.2 Fighting
 + Level 10.8 Ranged Weapons
 - Level 4.1 Dodging
 - Level 1.2 Stealth


You had 6 spell levels left.
You didn't know any spells.
Your spell library was empty.

Inventory:

Hand Weapons
 n - a +1 heavy shortbow (weapon)
Armour
 b - a +0 cloak (worn)
 i - a +3 leather armour (worn)
 m - a +0 helmet (worn)
Jewellery
 f - a ring of positive energy (right hand)
 k - a ring of willpower (left hand)
Scrolls
 a - a scroll of teleportation
 h - 2 scrolls of identify
Potions
 c - a potion of enlightenment
 d - a potion of cancellation
 g - a potion of mutation {unknown}
 j - a potion of lignification {unknown}
 l - a potion of invisibility {unknown}
 o - a potion of curing {unknown}

Dungeon Overview and Level Annotations

Branches:
Dungeon (5/15)
 Temple: D:4-7

Altars:
Dithmenos
Vehumet

Shops:
D:4 =


Message History

Enter note:
Enter note:
Enter note: You shoot an arrow.
The arrow barely misses the ogre.
You shoot an arrow. The arrow barely misses the ogre.
A hound comes into view.
You shoot an arrow. The arrow hits the ogre!
The ogre is heavily wounded.
You shoot an arrow. The arrow hits the ogre!
The ogre is severely wounded.
An orc comes into view. It is wielding a +0 whip.
An ogre comes into view. It is wielding a +0 giant club.
The hound misses you. The ogre closely misses you.
The orc moves out of view.
You shoot an arrow. The ogre shouts!
The arrow hits the ogre.
The ogre is severely wounded.
You hear a shout!
The hound bites you but does no damage. The hound completely misses you.
The ogre misses you.
You shoot an arrow. The arrow hits the ogre!
You kill the ogre!
The hound bites you but does no damage. The hound barely misses you.
You shoot an arrow. The arrow hits the hound!!
You kill the hound!
The orc closely misses you. The orc hits you but does no damage.
You shoot an arrow. The arrow hits the orc.
You kill the orc!
You shoot an arrow.
The arrow hits the ogre but does no damage.
The ogre hits you with a +0 giant club!!
Ouch! That really hurt!
You shoot an arrow. The arrow hits the ogre!
The ogre is heavily wounded.
The ogre completely misses you. The orc closely misses you.
You shoot an arrow. The arrow hits the ogre.
The ogre is almost dead.
The ogre hits you with a +0 giant club!!
Ouch! That really hurt!
You die...

#........# .....
#....########....
#....'...........
#....########....
######.#####.....#....
..................'...#
..######.#####.....##.##
....####.############.##
......O@................
..#...o#.############.##
#.......# #####'##
......###... #.......
...... ##.. #.......
#####7 ##.# #....... .
#####.## #.# #.#


You could see an ogre and an orc.

Vanquished Creatures
  Sigmund (D:2)
  An ogre (D:5)
  2 scorpions
  A howler monkey (D:4)
  A hound (D:5)
  4 iguanas
  4 adders
  An ufetubus (D:4)
  2 worms
  2 dart slugs (D:2)
  3 orcs
  8 endoplasms
  4 giant cockroaches
  7 goblins
  12 hobgoblins
  5 quokkas
  10 ball pythons
  5 bats
  2 frilled lizards
  4 kobolds
  7 rats
86 creatures vanquished.

Notes
Turn   | Place    | Note
-------+----------+-------------------------------------------
     0 | D:1      | qw the Deep Elf Hunter began the quest for the Orb.
     0 | D:1      | Reached XP level 1. HP: 12/12 MP: 3/3
     0 | D:1      | 0 ||| qw: Version: 0.3-a-9-g12657ce
     0 | D:1      | 0 ||| qw: Game counter: 2684
     0 | D:1      | 0 ||| qw: Always use a shield: true
     0 | D:1      | 0 ||| qw: God list: Okawaru
     0 | D:1      | 0 ||| qw: Allow faded altars: false
     0 | D:1      | 0 ||| qw: Do Orc after D:15 true
     0 | D:1      | 0 ||| qw: Do second Lair branch before Depths: true
     0 | D:1      | 0 ||| qw: Lair rune preference: random
     0 | D:1      | 0 ||| qw: Plans: Normal
     0 | D:1      | 0 ||| PLANNING D:1-11
   100 | D:1      | Reached XP level 2. HP: 16/16 MP: 4/4
   102 | D:1      | Reached skill level 6 in Ranged Weapons
   405 | D:1      | 405 ||| UPGRADING to +0 scale mail.
   415 | D:1      | 415 ||| DROPPING +0 leather armour.
   416 | D:1      | 416 ||| UPGRADING to +3 leather armour.
   426 | D:1      | 426 ||| DROPPING +0 scale mail.
   427 | D:1      | 427 ||| UPGRADING to +0 helmet.
   432 | D:1      | 432 ||| READING 2 scrolls labelled CAICWE SAMOIH.
   435 | D:1      | 435 ||| READING scroll labelled XOTA YXOPECW.
   436 | D:1      | 436 ||| READING 3 scrolls labelled PYPTOC HIZE.
   437 | D:1      | 437 ||| READING 2 scrolls labelled FIUDEIDGHUA.
   438 | D:1      | 438 ||| READING scroll labelled NENGES ATOO.
   439 | D:1      | 439 ||| READING scroll labelled UJI FOKKESA.
   440 | D:1      | 440 ||| DROPPING scroll of butterflies.
   441 | D:1      | 441 ||| DROPPING 2 scrolls of fog.
   442 | D:1      | 442 ||| DROPPING scroll of noise.
   445 | D:1      | 445 ||| Stepping ~*~*~tactically~*~*~ (cloud).
   449 | D:1      | HP: 4/16 [poisoned by you (poison gas)]
   577 | D:2      | You fall into a shaft and drop 1 floor!
   577 | D:3      | Found a faded altar of an unknown god.
   589 | D:3      | Reached XP level 3. HP: 19/20 MP: 5/5
   632 | D:3      | Reached skill level 7 in Ranged Weapons
   641 | D:3      | Found a radiant altar of Vehumet.
   713 | D:2      | Noticed Sigmund
   723 | D:2      | Killed Sigmund
   724 | D:2      | Reached skill level 9 in Ranged Weapons
   724 | D:2      | Reached XP level 4. HP: 25/25 MP: 6/6
   724 | D:2      | Reached XP level 5. HP: 29/29 MP: 7/7
   886 | D:2      | Reached skill level 3 in Dodging
  1289 | D:2      | 1289 ||| READING scroll labelled SIUQUPHAWIA.
  1290 | D:2      | 1290 ||| READING scroll labelled LAIWILATRY CUNE.
  1291 | D:2      | 1291 ||| DRINKING 2 bubbling grey potions.
  1470 | D:3      | Found a shadowy altar of Dithmenos.
  1753 | D:3      | 1753 ||| UPGRADING to ring of willpower.
  1754 | D:3      | 1754 ||| READING scroll labelled KARISI DAYSKUCS.
  1755 | D:3      | 1755 ||| READING scroll labelled YBLANI VESSIF.
  1756 | D:3      | 1756 ||| DRINKING 2 fuming brown potions.
  1757 | D:3      | 1757 ||| READING 2 scrolls of identify.
  1757 | D:3      | 1757 ||| IDENTIFYING sedimented silvery potion
  1758 | D:3      | 1758 ||| DROPPING potion of brilliance.
  1869 | D:4      | Reached XP level 6. HP: 35/35 MP: 8/8
  1880 | D:4      | HP: 8/35 [ufetubus (2)]
  1881 | D:4      | 1881 ||| READING 2 scrolls of teleportation.
  2077 | D:4      | 2077 ||| UPGRADING to +0 cloak.
  2082 | D:4      | 2082 ||| READING scroll labelled HUUTEL OMN.
  2091 | D:4      | 2091 ||| STAIRDANCE
  2101 | D:3      | 2101 ||| READING scroll labelled GANENU MYG CEPH.
  2102 | D:3      | 2102 ||| READING scroll labelled IRUFIF IDABLI.
  2292 | D:4      | Reached skill level 10 in Ranged Weapons
  2344 | D:4      | Found Necob's Jewellery Emporium.
  2348 | D:4      | 2348 ||| SHOPLISTING amulet of regeneration (330 gold, have
                  | 245).
  2348 | D:4      | 2348 ||| SHOPLISTING ring of ice (275 gold, have 245).
  2348 | D:4      | 2348 ||| BUYING ring of positive energy (220 gold).
  2348 | D:4      | Bought a ring of positive energy for 220 gold pieces
  2348 | D:4      | 2348 ||| SHOPLISTING ring of willpower (275 gold, have 25).
  2862 | D:4      | 2862 ||| UPGRADING to ring of positive energy.
  2863 | D:4      | 2863 ||| DRINKING 2 sedimented puce potions.
  2967 | D:4      | 2967 ||| DROPPING potion of berserk rage.
  2987 | D:5      | Entered Level 5 of the Dungeon
  2998 | D:5      | HP: 8/35 [orc priest/divine providence (15)]
  2999 | D:5      | 2999 ||| READING 2 scrolls of teleportation.
  3129 | D:5      | Reached XP level 7. HP: 40/40 MP: 9/9
  3305 | D:5      | Mangled by an ogre

Levels and vault maps discovered:
D:1:      lightli_arrival_windingriver, layout_basic
D:2:      layout_loops_ring, uniq_sigmund
D:3:      layout_basic, nicolae_overflow_hidden_temple, amcnicky_altar_gilded,
          ebering_ecumenical_altar_ruins, hangedman_decor_growths, minmay_cupped
D:4:      layout_layer_cave, serial_shops, nicolae_shop_stone
D:5:      layout_basic, kennysheep_ying_yang, overflow_temple_1_default

Skill      XL: |  1  2  3  4  5  6 |
---------------+-------------------+-----
Ranged Weapons | 6 9 10 | 10.8
Dodging        | 3 4 |  4.1
Fighting       | 2 |  2.2
Stealth        | |  1.2

Action                     |  1- 3 |  4- 6 |  7- 9 || total
---------------------------+-------+-------+-------++-------
   Fire: Shortbow          |   105 |   139 |    13 ||   257
    Use: Scroll            |     6 |    10 |       ||    16
         Potion            |       |     3 |       ||     3
 Armour: Leather armour    |     9 |    34 |     3 ||    46
  Dodge: Dodged            |    37 |    48 |     8 ||    93

Table legend:
 A = Non-vault XP
 B = Vault XP
 C = Vault XP percentage of total XP
 D = Non-vault monster count
 E = Vault monster count
 F = Vault count percentage of total count
                 A         B        C        D         E       F
            +---------+---------+-------+---------+---------+-------
      Total |     700 |     243 |  25.8 |      82 |       4 |   4.7
            +---------+---------+-------+---------+---------+-------
        D:1 |      26 |       0 |   0.0 |      17 |       0 |   0.0
        D:2 |      48 |     223 |  82.3 |      17 |       1 |   5.6
        D:3 |      49 |      20 |  29.0 |      23 |       3 |  11.5
        D:4 |     251 |       0 |   0.0 |      18 |       0 |   0.0
        D:5 |     326 |       0 |   0.0 |       7 |       0 |   0.0
            +---------+---------+-------+---------+---------+-------
